 Dungeon Crawl Stone Soup version 0.22-a0-608-g8a62e23 (webtiles) character file.

620 gmonis the Basher (level 7, -2/57 HPs)
             Began as a Minotaur Berserker on July 9, 2018.
             Was a Believer of Trog.
             Killed from afar by an orc wizard (8 damage)
             ... with a puff of frost
             ... on level 5 of the Dungeon.
             The game lasted 00:05:22 (3058 turns).

gmonis the Basher (Minotaur Berserker)              Turns: 3058, Time: 00:05:23

Health: -2/57      AC:  7    Str: 21    XL:     7   Next: 22%
Magic:  6/6        EV:  8    Int:  4    God:    Trog [**....]
Gold:   159        SH:  0    Dex: 12    Spells: 6/6 levels left

rFire    . . .     SeeInvis .   a - +0 mace
rCold    . . .     Gourm    +   (no shield)
rNeg     . . .     Faith    .   l - -1 chain mail (curse)
rPois    +         Spirit   .   (helmet restricted)
rElec    .         Reflect  .   (no cloak)
rCorr    .         Harm     .   (no gloves)
MR       ++...                  (no boots)
Stlth    ..........             o - amulet of the gourmand
HPRegen  1.19/turn              h - ring of poison resistance
MPRegen  0.10/turn              (no ring)

@: berserk cooldown, regenerating, slowed, very slow
A: retaliatory headbutt, horns 2
a: Berserk, Trog's Hand, Renounce Religion


You were on level 5 of the Dungeon.
You worshipped Trog.
Trog was pleased with you.
You were very hungry.

You visited 1 branch of the dungeon, and saw 4 of its levels.

You collected 159 gold pieces.

Inventory:

Hand Weapons
 a - a +0 mace (weapon)
Missiles
 d - 103 stones (quivered)
Armour
 b - a +0 animal skin
 l - a cursed -1 chain mail (worn)
Jewellery
 h - a ring of poison resistance (left hand)
 o - an amulet of the gourmand (around neck)
Scrolls
 e - 2 scrolls of magic mapping {unknown}
 f - 2 scrolls of remove curse {unknown}
 i - 2 scrolls of fog {unknown}
 j - 3 scrolls of amnesia {unknown}
 k - 2 scrolls of identify {unknown}
 n - 2 scrolls of blinking {unknown}
Potions
 g - a potion of heal wounds {unknown}
 m - a potion of haste {unknown}
 q - a potion of flight {unknown}
Comestibles
 c - 6 rations


   Skills:
 - Level 3.6 Fighting
 + Level 10.0 Maces & Flails
 - Level 2.4 Armour
 - Level 2.1 Dodging


You had 6 spell levels left.
You didn't know any spells.
Your spell library was empty.

Dungeon Overview and Level Annotations

Branches:
Dungeon (3/15)

Altars:
Elyvilon
Ru


Innate Abilities, Weirdness & Mutations

You reflexively headbutt those who attack you in melee.
You have a pair of horns on your head.


Message History

A crimson imp comes into view.
An orc priest comes into view. It is wielding a trident.
The orc priest shouts!
The crimson imp lashes its tail.
Your skin crawls.
You feel resistant to hostile enchantments.
You are feeling very hungry.
The orc wizard misses you. You furiously retaliate!
You headbutt the orc wizard, but do no damage.
The orc priest hits you from afar with a trident.
* * * LOW HITPOINT WARNING * * *
The orc wizard closely misses you. You furiously retaliate!
You headbutt the orc wizard!
The orc priest miscasts a cantrip.
The orc wizard gestures at you while chanting.
The magic dart hits you!
* * * LOW HITPOINT WARNING * * *
The orc wizard gestures at you while chanting.
The puff of frost hits you!
You die...

#....#...###......)).#.
#..###.#...+...........<#
#......#...#..........###
#....###.#.#..........#
###......#..o######...#
#...)###.#5# ...#
###.)....#o# ####
#....###.# ###....@.#
########


You could see an orc priest, an orc wizard and a crimson imp.

Vanquished Creatures
  Sigmund (D:2)
  An ogre (D:5)
  Blork the orc (D:5)
  A scorpion (D:5)
  A jelly (D:5)
  4 orc wizards
  Robin (D:2)
  A gnoll (D:2)
  2 adders (D:2)
  An ooze (D:3)
  2 dart slugs (D:1)
  2 leopard geckos
  6 orcs (D:5)
  3 giant cockroaches
  8 hobgoblins
  2 quokkas (D:2)
  7 bats
  5 frilled lizards
  17 goblins
  3 kobolds (D:1)
  A leopard gecko skeleton (D:5)
  7 rats (D:2)
77 creatures vanquished.

Notes
Turn   | Place    | Note
-------+----------+-------------------------------------------
     0 | D:1      | gmonis the Minotaur Berserker began the quest for the Orb.
     0 | D:1      | Reached XP level 1. HP: 19/19 MP: 0/0
   174 | D:1      | Reached skill level 4 in Maces & Flails
   526 | D:1      | Reached XP level 2. HP: 26/26 MP: 1/1
   925 | D:1      | Reached skill level 5 in Maces & Flails
  1337 | D:2      | Reached XP level 3. HP: 30/31 MP: 2/2
  1401 | D:2      | Noticed Robin
  1416 | D:2      | Killed Robin
  1568 | D:2      | Found a white marble altar of Elyvilon.
  1703 | D:2      | Reached XP level 4. HP: 39/39 MP: 3/3
  1728 | D:2      | Reached skill level 6 in Maces & Flails
  2279 | D:2      | Noticed Sigmund
  2291 | D:2      | Killed Sigmund
  2291 | D:2      | Reached skill level 8 in Maces & Flails
  2291 | D:2      | Reached XP level 5. HP: 45/45 MP: 4/4
  2533 | D:2      | Found a sacrificial altar of Ru.
  2542 | D:2      | Reached XP level 6. HP: 50/51 MP: 5/5
  2550 | D:2      | Reached ** piety under Trog
  2731 | D:3      | You fall through a shaft for 2 floors!
  2731 | D:5      | Entered Level 5 of the Dungeon
  2819 | D:5      | Noticed Blork the orc
  2824 | D:5      | Killed Blork the orc
  2824 | D:5      | Reached skill level 9 in Maces & Flails
  2930 | D:5      | Reached XP level 7. HP: 38/57 MP: 6/6
  3041 | D:5      | HP: 1/85 [ogre/giant spiked club (14)]
  3042 | D:5      | Reached skill level 10 in Maces & Flails
  3058 | D:5      | Killed from afar by an orc wizard

Vault maps used:
D:1:      dpeg_arrival_erosion
D:2:      minmay_diamond_boxcup, elyvilon_altar_4,
          nicolae_ru_great_annihilating_truth, uniq_robin, uniq_sigmund
D:3:      lightli_temple_of_fire, first_ration
D:5:      lemuel_doored_altar, basic_altar, hangedman_abyss_or_decor_stabs,
          minivault_24, uniq_blork_the_orc

Skill      XL: |  1  2  3  4  5  6  7 |
---------------+----------------------+-----
Maces & Flails | 4 5 8 9 10 | 10.0
Fighting       | |  3.6
Armour         | |  2.4
Dodging        | |  2.1

Action                   |  1- 3 |  4- 6 |  7- 9 || total
-------------------------+-------+-------+-------++-------
Melee: Mace              |    72 |    95 |    14 ||   181
       Headbutt          |    10 |    17 |     3 ||    30
Invok: Berserk           |     1 |     3 |     1 ||     5
       Trog's Hand       |       |       |     1 ||     1
 Stab: Sleeping          |     2 |     1 |       ||     3
       Paralysed         |       |     1 |       ||     1
  Eat: Chunk             |     3 |     7 |     2 ||    12
Armor: Animal skin       |    15 |     8 |       ||    23
       Chain mail        |       |    12 |     5 ||    17
Dodge: Dodged            |    43 |    52 |     4 ||    99

Table legend:
 A = Spawn XP
 B = Non-spawn XP
 C = Spawn XP percentage of total XP
 D = Spawn monster count
 E = Non-spawn monster count
 F = Spawn count percentage of total count
 G = Total turns spent on level
                    A         B        C        D         E        F      G
               +---------+---------+-------+---------+---------+-------+---------
         Total |       0 |     887 |   0.0 |       0 |      77 |   0.0 |  3058
               +---------+---------+-------+---------+---------+-------+---------
           D:1 |       0 |      39 |   0.0 |       0 |      21 |   0.0 |  1333
           D:2 |       0 |     365 |   0.0 |       0 |      35 |   0.0 |  1311
           D:3 |       0 |      13 |   0.0 |       0 |       5 |   0.0 |    87
           D:5 |       0 |     470 |   0.0 |       0 |      16 |   0.0 |   327
               +---------+---------+-------+---------+---------+-------+---------
